 Dungeon Crawl Stone Soup version 0.20-a0-1066-ga910694 (webtiles) character file.

35 CitizenSnips the Insei (level 3, 0/26 HPs)
             Began as a Gnoll Transmuter on Apr 29, 2017.
             Succumbed to an adder's poison
             ... on level 3 of the Dungeon.
             The game lasted 00:04:17 (1900 turns).

CitizenSnips the Insei (Gnoll Transmuter)           Turns: 1900, Time: 00:04:18

Health: 0/26       AC:  2    Str:  9    XL:     3   Next: 35%
Magic:  7/7        EV: 13    Int: 14    God:
Gold:   59         SH:  0    Dex: 14    Spells: 7/8 levels left

rFire    . . .     SeeInvis .     - Unarmed
rCold    . . .     Gourm    .   (no shield)
rNeg     . . .     Faith    .   b - +0 robe
rPois    .         Spirit   .   (no helmet)
rElec    .         Reflect  .   (no cloak)
rCorr    .         Harm     .   (no gloves)
MR       .....                  (no boots)
Stlth    +.........             (no amulet)
Regen    0.1/turn               (no ring)
MPRegen  0.1/turn               (no ring)

@: lethally poisoned (0 -> -12)
A: short attention span, fangs 1, strong nose
a: no special abilities


You were on level 3 of the Dungeon.
You were not hungry.

You visited 1 branch of the dungeon, and saw 3 of its levels.

You collected 59 gold pieces.

Inventory:

Missiles
 a - 12 arrows
Armour
 b - a +0 robe (worn)
 k - a +0 cloak
Jewellery
 l - an uncursed amulet of rage {unknown}
Scrolls
 e - 2 scrolls of teleportation {unknown}
 g - a scroll of enchant armour {unknown}
 i - a scroll of identify {unknown}
 n - a scroll of fear {unknown}
 p - a scroll of remove curse {unknown}
Potions
 j - a potion of might {unknown}
 m - a potion of curing {unknown}
Books
 c - a book of Changes

   Spells                             Type                      Level
   a - Beastly Appendage              Transmutation                1
   b - Sticks to Snakes               Transmutation                2
   c - Spider Form                    Transmutation/Poison         3
   d - Ice Form                       Ice/Transmutation            4
   e - Blade Hands                    Transmutation                5
Comestibles
 d - a bread ration
 f - 2 meat rations
 h - a chunk of flesh
 o - a fruit


   Skills:
 - Level 1.5 Fighting
 - Level 3.0 Dodging
 + Level 6.3 Unarmed Combat
 - Level 3.2 Spellcasting
 - Level 3.0 Transmutations


You had 7 spell levels left.
You knew the following spells:

 Your Spells              Type           Power        Failure   Level  Hunger
a - Beastly Appendage     Tmut           ##....       6%          1    #......


Dungeon Overview and Level Annotations

Branches:
Dungeon (3/15)

Altars:


Innate Abilities, Weirdness & Mutations

You have a short attention span.
You have very sharp teeth.
Your uncanny sense of smell can sniff out nearby items.


Message History

The adder is heavily wounded.
You feel sick. The adder bites you.
* * * LOW HITPOINT WARNING * * *
You are more poisoned.
The adder poisons you!
You closely miss the adder.
The adder is heavily wounded.
Your horns disappear.
* * * LOW HITPOINT WARNING * * *
You feel sick. The adder bites you.
* * * LOW HITPOINT WARNING * * *
The adder bites you.
* * * LOW HITPOINT WARNING * * *
You miss the adder.
The adder is heavily wounded.
* * * LOW HITPOINT WARNING * * *
You feel sick. The adder closely misses you.
You miss the adder.
The adder is heavily wounded.
You die...

.# #......... ##.
#S(# #.. #..# #..
#<.# #.# #..# #.#
###..# #.# #K...#
######.## #S#.##
#.......## #@#.#
##.####.#.## ##.#.#
#.....#....####....#
#.###.#.....##..>..##
#.# #...............#
..###.#.....##.....##
#.....##..........##
###)................#
....<##############..


You could see an adder and a kobold.

Vanquished Creatures
  2 dart slugs (D:1)
  2 leopard geckos
  A giant cockroach (D:2)
  4 goblins
  6 hobgoblins
  6 bats
  4 frilled lizards
  3 kobolds
  2 rats
30 creatures vanquished.

Notes
Turn   | Place    | Note
-------+----------+-------------------------------------------
     0 | D:1      | CitizenSnips the Gnoll Transmuter began the quest for the Orb.
     0 | D:1      | Reached XP level 1. HP: 15/15 MP: 4/4
   529 | D:1      | Reached skill level 5 in Unarmed Combat
   529 | D:1      | Reached XP level 2. HP: 7/21 MP: 6/6
  1272 | D:2      | Reached XP level 3. HP: 23/26 MP: 7/7
  1280 | D:2      | Reached skill level 6 in Unarmed Combat
  1899 | D:3      | HP: 1/26 [poisoned by an adder]
  1900 | D:3      | Succumbed to an adder's poison

Vault maps used:
D:1:      matt_arrival_refuge
D:3:      lemuel_crystal_altar, grunt_temple_overflow_cloverleaf,
          nrook_loot_triangle

Skill      XL: |  1  2  3 |
---------------+----------+-----
Unarmed Combat | 5 6 |  6.3
Fighting       | |  1.5
Dodging        | |  3.0
Spellcasting   | |  3.2
Transmutations | |  3.0

Action                   || total
-------------------------++-------
Melee: Unarmed           ||   108
       Bite              ||     4
 Cast: Beastly Appendage ||     3
 Stab: Sleeping          ||     2
  Eat: Chunk             ||     3
Armor: Robe              ||    10
Dodge: Dodged            ||    49
